 Dungeon Crawl Stone Soup version 0.28.0-49-g6dfe1f597d (webtiles) character file.

Game seed: 17750289709558077930

58 nickcage the Slasher (level 3, 0/29 HPs)
             Began as a Demonspawn Abyssal Knight on May 13, 2022.
             Was a Follower of Lugonu.
             Slain by a gnoll
             ... wielding a +0 flail
              (9 damage)
             ... on level 2 of the Dungeon.
             The game lasted 00:02:49 (1759 turns).

nickcage the Slasher (Demonspawn Abyssal Knight)    Turns: 1759, Time: 00:02:50

Health: 0/29       AC:  3    Str: 15    XL:     3   Next: 76%
Magic:  4/4        EV: 11    Int: 11    God:    Lugonu [*.....]
Gold:   45         SH:  4    Dex: 13    Spells: 2/2 levels left

rFire   . . .      SeeInvis .   a - +1 falchion
rCold   . . .      Faith    .   (no shield)
rNeg    . . .      Spirit   .   b - +0 leather armour
rPois   .          Reflect  .   (no helmet)
rElec   .          Harm     .   (no cloak)
rCorr   .          Rampage  .   (no gloves)
Will    .....                   (no boots)
Stlth   +.........              (no amulet)
HPRegen 0.09/turn               (no ring)
MPRegen 0.09/turn               (no ring)

@: no status effects
A: condensation shield
a: Renounce Religion, Depart the Abyss


You were on level 2 of the Dungeon.
You worshipped Lugonu.
Lugonu was aware of your devotion.
You visited 1 branch of the dungeon, and saw 2 of its levels.
You visited the Abyss 1 time.

You collected 45 gold pieces.

Inventory:

Hand Weapons
 a - a +1 falchion (weapon)
Missiles
 g - 3 javelins (quivered)
Armour
 b - a +0 leather armour (worn)
Scrolls
 c - a scroll of holy word {unknown}
Potions
 d - a potion of might {unknown}
 e - a potion of degeneration {unknown}
 f - a potion of heal wounds {unknown}


   Skills:
 - Level 3.0 Fighting
 + Level 3.6 Long Blades
 + Level 0.1 Throwing
 - Level 1.7 Armour
 - Level 0.8 Dodging
 + Level 0.7 Shields
 - Level 2.4 Invocations


You had 2 spell levels left.
You didn't know any spells.
Your spell library was empty.

Dungeon Overview and Level Annotations

Branches:
Dungeon (2/15)

Altars:


Innate Abilities, Weirdness & Mutations

A meltable shield of frost defends you. (SH +4)


Message History

Natasha is lightly wounded.
The bat hits you but does no damage. Natasha claws you but does no damage.
You barely miss Natasha.
Natasha is lightly wounded.
Natasha closely misses you. You block the bat's attack.
You hit Natasha.
Natasha is lightly wounded.
The bat barely misses you.
Natasha mumbles some strange words.
Natasha glows brightly for a moment.
Natasha barely misses you.
You hit Natasha.
Natasha is heavily wounded.
Natasha claws you.
* * * LOW HITPOINT WARNING * * *
The bat barely misses you. The bat misses you. Natasha casts a spell at you.
You feel yourself slow down. You block the bat's attack. Natasha misses you.
There is a stone staircase leading up here.
The bat barely misses you. Natasha barely misses you.
You climb upwards.
There is a stone staircase leading down here.
You hit Natasha.
Natasha is severely wounded.
You block Natasha's attack. Natasha barely misses you.
You hit Natasha.
You kill Natasha!
Lugonu accepts your kill.
Natasha yowls pathetically as she dies!
You start resting.
You feel yourself speed up.
You start resting.
HP restored.
You climb downwards.
The bat hits you but does no damage. The gnoll hits you with a +0 flail! x2
There is a stone staircase leading up here.
The bat hits you but does no damage. The gnoll hits you with a +0 flail!
You die...

#.# #.# #. #.#
#.# ... #.# #.#
..#
#.###?#+##..#
#.#.........#. #
#.#...........
#.#.#...........
#.......b.......
###.#.@.........
#.#g........#.
#.#......<....
#.#........$#.
#.............
#.............
........####.#.
...S.##.# .#


You could see a gnoll, an adder (wandering) and a bat.

Vanquished Creatures
  Natasha (D:1)
  A gnoll (D:1)
  2 bats (D:1)
  3 endoplasms (D:1)
  3 goblins (D:1)
  A hobgoblin (D:1)
  3 ball pythons (D:1)
  3 frilled lizards (D:1)
  4 kobolds (D:1)
  4 rats
25 creatures vanquished.

Notes
Turn   | Place    | Note
-------+----------+-------------------------------------------
     0 | Abyss:1  | nickcage the Demonspawn Abyssal Knight began the quest for
                  | the Orb.
     0 | Abyss:1  | Reached XP level 1. HP: 18/18 MP: 2/2
     0 | D:1      | Escaped the Abyss
   764 | D:1      | Found a faded altar of an unknown god.
   808 | D:1      | Reached * piety under Lugonu
   809 | D:1      | Gained mutation: A meltable shield of frost defends you.
                  | (SH +4) [demonic ancestry]
   809 | D:1      | Reached XP level 2. HP: 22/24 MP: 3/3
  1455 | D:2      | Noticed Natasha
  1472 | D:1      | Reached XP level 3. HP: 29/29 MP: 4/4
  1524 | D:1      | Killed Natasha
  1759 | D:2      | Slain by a gnoll

Illustrated notes

Levels and vault maps discovered:
D:1:      lightli_iron_boxes, layout_loops_cross,
          hellmonk_ecumenical_altar_leap_of_faith
D:2:      layout_basic, uniq_sigmund, uniq_natasha

Skill      XL: |  1  2 |
---------------+-------+-----
Long Blades    | 2 3 |  3.6
Fighting       | |  3.0
Throwing       | |  0.1
Armour         | |  1.7
Dodging        | |  0.8
Shields        | |  0.7
Invocations    | |  2.4

Action                   || total
-------------------------++-------
Melee: Falchion          ||    97
       Punch             ||     1
Throw: Javelin           ||     2
Invok: Depart the Abyss  ||     1
 Stab: Sleeping          ||     1
Armor: Leather armour    ||    48
Dodge: Dodged            ||    79
Block: Other             ||    17
